Map: Acropolis LE

Players

Drukipz

  • Race: Protoss Protoss
  • League: Platinum
  • Spawn Location: 5:00

Parkkatz - Winner!

  • Race: Zerg Zerg
  • League: Platinum
  • Spawn Location: 11:00

VOD

Have the link to the VOD?

Description

Time

  • Played on: June 30, 2019, 11:43 a.m.
  • Length: 14:40
Show
View Real Time Build Order
Export as new Build Order

Drukipz Protoss 

Build Orders: Oracle Opening 

Get SALT Encoding   

  12  0:01  Probe  
  13  0:13  Probe  
  14  0:18  Pylon  
  14  0:25  Probe  
  15  0:37  Probe  
  15  0:38  Gateway  
  16  0:49  Probe  
  17  0:50  Assimilator  
  17  1:01  Probe  
  17  1:02  Assimilator  
  18  1:13  Probe  
  18  1:17  Pylon  
  19  1:29  Cybernetics Core  
  19  1:30  Probe  
  20  1:38  Probe  
  20  1:43  Pylon  
  20  1:46  Probe  
  22  1:58  Probe  
  22  2:00  Gateway  
  23  2:07  Stargate  
  23  2:21  Stargate  
  23  2:50  Oracle  
  26  3:08  Zealot x2  
  24  3:15  Probe  
  25  3:21  Oracle  
  28  3:57  Oracle  
  31  4:11  Nexus  
  31  4:14  Oracle  
  31  4:15  Pylon  
  34  4:47  Gateway  
  34  5:22  Gateway  
  34  5:23  Forge  
  34  5:29  Void Ray  
  38  5:40  Probe  
  39  5:50  Void Ray  
  41  6:22  Probe  
  41  6:31  Probe  
  41  6:39  Probe  
  42  6:45  Photon Cannon  
  43  6:50  Probe  
  43  6:52  Void Ray  
  48  6:58  Probe  
  48  7:00  Stalker  
  50  7:04  Probe  
  50  7:06  Probe  
  52  7:12  Probe  
  53  7:22  Probe  
  55  7:32  Gateway  
  55  8:04  Photon Cannon, Stalker  
  57  8:11  Void Ray  
  61  8:17  Probe  
  61  8:19  Assimilator  
  62  8:21  Assimilator  
  62  8:30  Protoss Air Weapons Level 1  
  62  8:55  Zealot, Probe  
  61  9:24  Pylon  
  61  9:36  Robotics Facility  
  61  9:37  Probe  
  62  9:50  Pylon  
  62  10:06  Nexus  
  62  10:08  Zealot, Probe  
  63  10:15  Zealot  
  63  10:20  Probe  
  66  10:24  Gateway  
  66  10:27  Robotics Bay  
  62  10:32  Probe  
  63  10:40  Pylon  
  63  10:44  Probe  
  63  10:45  Zealot x2  
  63  10:48  Warp Gate  
  63  10:49  Zealot  
  70  10:55  Pylon  
  70  10:58  Warp Prism  
  70  10:59  Zealot  
  74  11:05  Pylon  
  74  11:07  Shield Battery  
  74  11:14  Pylon  
  74  11:17  Photon Cannon  
  74  11:20  Photon Cannon  
  74  11:22  Probe, Photon Cannon  
  74  11:24  Shield Battery  
  75  11:27  Shield Battery, Pylon  
  75  11:30  Probe  
  75  11:32  Probe  
  75  11:39  Probe  
  77  11:40  Probe  
  79  11:47  Colossus, Extended Thermal Lance  
  79  11:50  Probe  
  79  11:52  Probe  
  87  12:02  Probe, Pylon  
  87  12:04  Probe  
  87  12:07  Shield Battery  
  89  12:14  Probe  
  90  12:34  Robotics Facility  
  90  12:37  Zealot  
  90  12:38  Colossus  
  90  12:43  Probe, Twilight Council  
  99  12:51  Probe  
  100  13:01  Probe  
  101  13:06  Photon Cannon  
  101  13:08  Photon Cannon  
  101  13:09  Photon Cannon  
  101  13:13  Shield Battery, Probe  
  101  13:15  Shield Battery  
  80  13:32  Warp Prism, Zealot  
  80  13:33  Zealot x2  
  80  13:34  Zealot  
  70  13:43  Zealot  
  60  13:59  Zealot x2  
  60  14:00  Zealot  
  43  14:22  Zealot  
  43  14:23  Zealot x2  
Show
View Real Time Build Order
Export as new Build Order

Parkkatz Zerg - Winner!

Build Orders: Hatch First 

Get SALT Encoding   

  12  0:00  Drone  
  13  0:13  Overlord  
  13  0:19  Drone  
  14  0:31  Drone x2  
  16  0:38  Drone  
  17  0:56  Drone  
  18  0:57  Hatchery  
  18  1:04  Drone  
  18  1:13  Spawning Pool  
  18  1:18  Extractor  
  16  1:19  Drone  
  16  1:22  Drone  
  18  1:28  Drone  
  19  1:42  Overlord  
  19  2:02  Zergling x4  
  19  2:04  Queen  
  23  2:10  Zergling x2  
  23  2:11  Queen  
  23  2:13  Drone  
  27  2:22  Drone  
  28  2:27  Metabolic Boost  
  28  2:34  Drone x3  
  31  2:41  Overlord  
  31  2:45  Queen  
  31  2:51  Overlord  
  33  3:04  Drone x3  
  36  3:11  Drone  
  35  3:18  Overlord  
  35  3:19  Drone x3  
  37  3:25  Queen  
  37  3:26  Drone  
  37  3:27  Drone x3  
  43  3:37  Baneling Nest  
  43  3:40  Drone x2  
  44  3:44  Extractor  
  44  3:46  Drone x2  
  45  3:50  Extractor  
  45  3:53  Overlord x2  
  44  4:05  Drone x2  
  44  4:06  Drone  
  44  4:07  Drone x3  
  50  4:15  Evolution Chamber  
  49  4:19  Drone  
  49  4:20  Evolution Chamber  
  49  4:23  Zergling x2  
  49  4:24  Zergling x4  
  52  4:29  Hatchery  
  51  4:32  Spore Crawler  
  51  4:35  Spore Crawler  
  49  4:40  Drone x2, Overlord  
  49  4:41  Overlord x2  
  49  4:43  Baneling x2  
  49  4:44  Baneling x2  
  49  4:45  Zergling x2  
  52  4:54  Zerg Ground Armor Level 1  
  52  4:57  Zerg Melee Weapons Level 1  
  52  4:59  Zergling x2  
  53  5:00  Zergling x2  
  54  5:10  Zergling x2  
  54  5:11  Zergling x12  
  61  5:19  Queen  
  65  5:22  Lair  
  65  5:27  Zergling x4  
  65  5:31  Drone x4  
  69  5:41  Roach Warren  
  68  5:43  Drone x4  
  63  6:16  Drone  
  63  6:17  Drone x3  
  63  6:18  Spore Crawler  
  62  6:19  Queen  
  62  6:21  Drone x2  
  62  6:22  Drone x3  
  67  6:27  Glial Reconstitution  
  67  6:30  Zergling x2  
  67  6:31  Zergling x20  
  78  6:34  Queen  
  78  6:35  Queen  
  78  6:38  Overlord  
  82  6:40  Overseer x2  
  82  6:47  Overlord  
  82  6:48  Infestation Pit  
  82  6:50  Extractor  
  82  6:51  Baneling  
  82  6:52  Baneling x2, Extractor  
  82  6:53  Baneling x4  
  82  6:54  Baneling x2  
  79  6:55  Zergling x6  
  82  7:07  Zerg Melee Weapons Level 2  
  82  7:08  Zerg Ground Armor Level 2  
  82  7:11  Pneumatized Carapace  
  82  7:12  Drone x2  
  82  7:13  Drone x3  
  82  7:14  Drone  
  88  7:15  Drone  
  88  7:16  Drone  
  89  7:32  Hive  
  88  7:51  Zergling x12  
  81  7:52  Zergling x14  
  89  8:14  Zergling x2  
  89  8:15  Zergling x22  
  101  8:25  Baneling x2  
  101  8:26  Baneling x4  
  99  8:44  Queen x2  
  99  8:45  Queen  
  103  8:54  Zergling x8  
  103  8:55  Zergling x10  
  99  9:31  Zerg Melee Weapons Level 3, Zerg Ground Armor Level 3  
  99  9:34  Adrenal Glands  
  99  9:47  Zergling x4  
  99  9:48  Zergling x10  
  99  9:49  Overlord  
  99  9:50  Overlord x13  
  99  9:51  Overseer  
  99  9:52  Centrifical Hooks  
  93  10:27  Hatchery  
  81  10:35  Infestor  
  81  10:36  Infestor x2, Hydralisk Den  
  81  10:39  Zergling x2  
  81  10:40  Zergling x26  
  100  10:57  Zergling x2  
  100  10:58  Zergling x16  
  100  11:03  Extractor  
  108  11:06  Muscular Augments  
  108  11:07  Hydralisk  
  108  11:08  Hydralisk x3  
  116  11:18  Baneling x3  
  116  11:19  Baneling x6  
  116  11:26  Drone  
  116  11:27  Drone x8  
  116  11:28  Zergling x2  
  116  11:29  Baneling, Zergling x4  
  116  11:30  Baneling x6  
  116  11:31  Baneling x2  
  128  11:45  Hydralisk x11  
  150  11:50  Drone  
  150  11:51  Drone x2  
  153  12:00  Zergling x10  
  153  12:01  Zergling x2  
  158  12:13  Drone x6, Extractor  
  158  12:15  Queen, Extractor  
  162  12:18  Grooved Spines  
  162  12:19  Zerg Missile Weapons Level 1  
  162  12:22  Hydralisk x4  
  172  12:38  Hydralisk x9  
  172  12:39  Hydralisk  
  172  12:44  Drone x3  
  193  12:45  Drone  
  185  13:33  Zergling x24  
  185  13:34  Zergling x18  
  192  13:40  Zergling x2  
  192  13:41  Zergling x16  
  187  13:46  Zergling x2  
  187  13:48  Queen x3  
  179  13:49  Queen  
  179  13:58  Zergling x2  
  179  13:59  Zergling x20  
Tags
 
Add a new tag
Caveats
  • Supply blocks, unpowered buildings, or Contaminate may cause inaccurate times.
  • Supply counts are checked every 10 seconds.